 Dungeon Sprint DCSS version 0.31-a0-879-g1609e0ac53 (webtiles) character file.

Game seed: 16271519313867896775

96613 sircluck the Wrestler (level 14, -8/288 HPs)
             Began as a Troll Berserker on Oct 14, 2023.
             Was a Priest of Trog.
             Mangled by the Royal Jelly (34 damage)
             ... in the Dungeon (Sprint III: "The Ten Rune Challenge").
             The game lasted 00:18:43 (5037 turns).

sircluck the Wrestler (Troll Berserker)             Turns: 5037, Time: 00:18:46

Health: -8/288     AC: -1    Str: 43    XL:     14   Next: 87%
Magic:  6/13       EV: 17    Int:  5    God:    Trog [***...]
Gold:   2159       SH: 17    Dex: 13    Spells: 13/13 levels left

rFire   + .          .
                       - Unarmed
rCold   . . .        A - +2 tower shield {reflect}
rNeg    . . .        s - +2 troll leather armour
rPois   .            r - +2 hat {Int+3}
rElec   .            u - -1 cloak of Imperfection {Str+6}
rCorr   .            (gloves unavailable)
SInv    .            (boots unavailable)
Will    +....        (no amulet) Stlth
                     v - +6 ring of strength
HPRegen 2.28/turn    w - +4 ring of slaying
MPRegen 0.13/turn

%: no teleportation, random rage (3%), reflection
@: berserking, corroded, hasted, very quick
A: large, unfitting armour, claws 3, regeneration 1, shaggy fur 1, tough skin 1,
agile 1, berserk 1, fire resistance 1, robust 1
}: 2/10 runes: serpentine, barnacled
a: Renounce Religion, Berserk, Trog's Hand


You were in the Dungeon.
You worshipped Trog.
Trog was most pleased with you.
You visited 1 branch You collected 4232 gold pieces.
You spent 2073 gold pieces at shops.

Inventory:

Missiles
 g - 9 large rocks (quivered)
 z - 2 large rocks of chaos
Armour
 a - a +0 animal skin
 r - a +2 hat of intelligence (worn)
 s - a +2 troll leather armour (worn)
 t - a +1 tower shield of cold resistance
 u - the -1 cloak of Imperfection (worn) {Str+6}
   (You bought it in a shop in the Dungeon)

   Str+6:     It affects your strength (+6).
 A - a +2 tower shield of reflection (worn)
Jewellery
 v - a +6 ring of strength (left claw)
 w - a +4 ring of slaying (right claw)
 y - an amulet of magic regeneration
Wands
 p - a wand of roots (5)
 x - a wand of polymorph (4)
Scrolls
 h - a scroll of revelation
 i - a scroll of immolation
 k - 3 scrolls of torment
 l - 8 scrolls of identify
 n - a scroll of fear
Potions
 b - a potion of curing
 c - 2 potions of heal wounds
 e - 3 potions of magic
 f - a potion of berserk rage
 j - 4 potions of mutation
 q - a potion of lignification
Miscellaneous
 o - a sack of spiders


   Skills:
 + Level 20.0 Fighting
 + Level 10.6 Throwing
 + Level 8.1 Armour
 + Level 19.8 Dodging
 + Level 8.6 Shields
 + Level 22.9 Unarmed Combat


You had 13 spell levels left.
You didn't know any spells.
Your spell library contained the following spells:

 Spells                   Type           Power      Damage    Failure   Level
 Inner Flame              Hex/Fire       0%         N/A       98%         3
 Flame Wave               Conj/Fire      0%         2d4       100%        4
 Sticky Flame             Conj/Fire      0%         2d3       100%        4


Dungeon Overview and Level Annotations

Branches:
Dungeon (1/1)

Altars:
Cheibriados
Dithmenos
Elyvilon
Fedhas
Gozag
Hepliaklqana
Kikubaaqudgha
Makhleb
Nemelex Xobeh
Okawaru
Qazlal
Ru
Sif Muna
Trog
Uskayaw
Vehumet
Wu Jian
Xom
Yredelemnul
Zin
The Shining One
Jiyva
Lugonu

Shops:
D ?(:[?:(=*:!([?([((

Annotations:
D Azrael, Royal Jelly


Innate Abilities, Weirdness & Mutations

You are too large for most types of armour.
You have claws for hands.
Your natural rate of healing is unusually fast.
You are covered in fur. (AC +1)
You have tough skin. (AC +1)
You are agile. (Dex +4, Str/Int -1)
You sometimes lose your temper in combat.
Your flesh is heat resistant. (rF+)
You are robust. (+10% HP)


Message History

You feel the power of Trog in you as your rage grows.
You kill the acid blob!
That felt strangely unrewarding.
Unknown command.
Unknown command.
Unknown command.
Unknown command.
You claw the azure jelly!
The azure jelly is almost dead.
Your ogre hits the azure jelly with a +0 giant club!!!
The azure jelly dies!
Unknown command.
Unknown command.
Unknown command.
You eviscerate the azure jelly!!!
The azure jelly is heavily wounded.
You block the azure jelly's attack. The azure jelly hits you.
* * * LOW HITPOINT WARNING * * *
The azure jelly freezes you!!
* * * LOW HITPOINT WARNING * * *
You block the azure jelly's attack. The azure jelly hits you!
* * * LOW HITPOINT WARNING * * *
Unknown command.
Unknown command.
Your ogre hits the azure jelly with a +0 giant club!!
You eviscerate the azure jelly!!!
You kill the azure jelly!
That felt strangely unrewarding.
Your ogre barely misses the azure jelly.
You eviscerate the azure jelly!!!
You feel the power of Trog in you as your rage grows.
You kill the azure jelly!
That felt strangely unrewarding.
You eviscerate the Royal Jelly!!!
Your claws burn!
* * * LOW HITPOINT WARNING * * *
The Royal Jelly is almost dead.
The Royal Jelly shudders alarmingly.
The Royal Jelly spits out five more jellies.
The Royal Jelly hits you!!
You die...

▓...#~...........♣ ♣..
▓.).'~~...########♣♣ ♣♣.
▓...#~~~.........PP♣ ♣♣.
▓...#~~~~...PP.)..P♣ ♣..
#'#############'########
##.###### #...).....
##.#...### #.......÷.
##..JOJ..## ##########
##..JJJ@...#* ##........
#...J###....# #.........
#...##)##...# #÷.#######
##..#|φ}#..## #..)÷.....
#...##"##...# ##........
#....###....# #########
##.........## ##..)....)
##.......## #∩....)...
###._.### #∩.#######


You could see the Royal Jelly (ally target), an azure jelly, 3 rockslimes, a
quicksilver ooze and a friendly ogre (summoned, berserk, corroded).

Vanquished Creatures
  Frederick (D)
  2 liches (D)
  4 acid blobs (D)
  Frances (D)
  Polyphemus (D)
  Gastronok (D)
  2 shadow dragons (D)
  Chuck (D)
  Donald (D)
  Ilsuiw (D)
  6 azure jellies (D)
  A quicksilver ooze (D)
  A merfolk javelineer (D)
  A mummy priest (D)
  A fire dragon (D)
  An iron golem (D)
  2 yaktaur captains (D)
  2 hydras (D)
  Erolcha (D)
  An ogre mage (D)
  3 anacondas (D)
  A centaur warrior (D)
  A two-headed ogre (shapeshifter) (D)
  A naga warrior (D)
  A death yak (D)
  Urug (D)
  4 hell knights (D)
  A skyshark (shapeshifter) (D)
  A deep elf knight (D)
  2 skeletal warriors (D)
  A sea snake (D)
  A death drake (D)
  An orc knight (D)
  2 deep elf zephyrmancers (D)
  A lindwurm (D)
  An orange crystal statue (D)
  An obsidian statue (D)
  3 deep elf pyromancers (D)
  5 ugly things (D)
  2 orc sorcerers (D)
  4 crystal guardians (D)
  A shining eye (D)
  A guardian serpent (D)
  5 black mambas (D)
  2 cane toads (D)
  A komodo dragon (D)
  A rime drake (D)
  A yaktaur (D)
  A queen bee (D)
  4 spriggan defenders (D)
  2 tyrant leeches (D)
  4 orc high priests (D)
  7 blink frogs (D)
  3 dream sheep (D)
  5 slime creatures (D)
  A shadow (D)
  A golden eye (shapeshifter) (D)
  3 wandering mushrooms (D)
  5 redbacks (D)
  2 nagas (D)
  A spatial vortex (D)
  2 water moccasins (D)
  3 floating eyes (D)
  2 orc warriors (D)
  A swamp drake (D)
  5 two-headed ogres (D)
  A necrophage (D)
  A water elemental (D)
  A scorpion (D)
  32 killer bees (D)
  An electric eel (D)
  4 orc priests (D)
  A jelly (D)
  Jessica (D)
  A wizard (D)
  2 necromancers (D)
  2 orc wizards (D)
  3 humans (D)
  A kobold demonologist (D)
  4 adders (D)
  7 orcs (D)
  2 endoplasms (D)
198 creatures vanquished.

Vanquished Creatures (collateral kills)
  Rupert (D)
  An acid blob (D)
  5 rockslimes (D)
  4 azure jellies (D)
  A nagaraja (D)
  A quicksilver ooze (D)
  2 dire elephants (D)
  An anaconda (D)
  3 death yaks (D)
  A shining eye (D)
  2 elephants (D)
  4 black mambas (D)
  A blink frog (D)
  2 water moccasins (D)
29 creatures vanquished.

Grand Total: 227 creatures vanquished

Notes
Turn   | Place    | Note
-------+----------+-------------------------------------------
     0 | D        | sircluck the Troll Berserker began the quest for the Orb.
     0 | D        | Reached XP level 1. HP: 22/22 MP: 0/0
    25 | D        | Noticed Jessica
    31 | D        | Killed Jessica
    31 | D        | Reached ** piety under Trog
    32 | D        | Reached skill level 4 in Unarmed Combat
    32 | D        | Reached XP level 2. HP: 28/32 MP: 1/1
    32 | D        | Reached XP level 3. HP: 35/39 MP: 2/2
    46 | D        | Noticed a scorpion
    53 | D        | Killed a scorpion
    54 | D        | Reached skill level 5 in Unarmed Combat
    54 | D        | Reached XP level 4. HP: 44/49 MP: 3/3
    59 | D        | Reached skill level 5 in Fighting
    75 | D        | Gained mutation: You are robust. (+10% HP) [potion of
                  | mutation]
    75 | D        | Gained mutation: You are resistant to electric shocks.
                  | (rElec) [potion of mutation]
    76 | D        | Lost mutation: You are resistant to electric shocks.
                  | (rElec) [potion of mutation]
    76 | D        | Lost mutation: You are robust. (+10% HP) [potion of
                  | mutation]
    76 | D        | Gained mutation: You are agile. (Dex +4, Str/Int -1)
                  | [potion of mutation]
    76 | D        | Gained mutation: You are robust. (+10% HP) [potion of
                  | mutation]
    76 | D        | Gained mutation: Your flesh is heat resistant. (rF+)
                  | [potion of mutation]
    84 | D        | Noticed a water elemental
    87 | D        | Killed a water elemental
    87 | D        | Reached *** piety under Trog
    88 | D        | Reached skill level 5 in Dodging
    88 | D        | Reached skill level 6 in Unarmed Combat
    88 | D        | Reached XP level 5. HP: 64/64 MP: 4/4
    93 | D        | Found a radiant altar of Vehumet.
    93 | D        | Found a shimmering blue altar of Sif Muna.
    93 | D        | Found an ancient bone altar of Kikubaaqudgha.
    96 | D        | Reached skill level 7 in Unarmed Combat
   109 | D        | Found a glowing silver altar of Zin.
   109 | D        | Found a glowing golden altar of the Shining One.
   109 | D        | Found a white marble altar of Elyvilon.
   110 | D        | Noticed a deep elf pyromancer
   118 | D        | Killed a deep elf pyromancer
   118 | D        | Reached **** piety under Trog
   119 | D        | Reached skill level 9 in Unarmed Combat
   119 | D        | Reached XP level 6. HP: 41/79 MP: 5/5
   119 | D        | Reached XP level 7. HP: 46/88 MP: 6/6
   162 | D        | Found a hide-covered altar of Uskayaw.
   162 | D        | Found an iron altar of Okawaru.
   162 | D        | Found a bloodstained altar of Trog.
   162 | D        | Found an ornate altar of the Wu Jian Council.
   162 | D        | Noticed a human
   162 | D        | Noticed a human
   169 | D        | Killed a human
   170 | D        | Reached skill level 10 in Unarmed Combat
   186 | D        | Killed a human
   258 | D        | Found a basalt altar of Yredelemnul.
   258 | D        | Found a shadowy altar of Dithmenos.
   258 | D        | Found a sacrificial altar of Ru.
   267 | D        | Reached ***** piety under Trog
   275 | D        | Noticed a shadow
   277 | D        | Killed a shadow
   278 | D        | Reached XP level 8. HP: 95/101 MP: 7/7
   291 | D        | Found a blossoming altar of Fedhas.
   291 | D        | Found a stormy altar of Qazlal.
   291 | D        | Found a snail-covered altar of Cheibriados.
   291 | D        | Found a burning altar of Makhleb.
   291 | D        | Found a shimmering altar of Xom.
   292 | D        | Found a hazy altar of Hepliaklqana.
   292 | D        | Found an opulent altar of Gozag.
   292 | D        | Found a sparkling altar of Nemelex Xobeh.
   292 | D        | Found a corrupted altar of Lugonu.
   292 | D        | Found a viscous altar of Jiyva.
   299 | D        | Reached skill level 11 in Unarmed Combat
   357 | D        | Noticed a two-headed ogre
   361 | D        | Killed a two-headed ogre
   361 | D        | Received a gift from Trog
   362 | D        | Reached skill level 10 in Fighting
   362 | D        | Reached skill level 10 in Dodging
   411 | D        | Noticed Erolcha
   412 | D        | Noticed a two-headed ogre
   417 | D        | Killed Erolcha
   418 | D        | Reached skill level 12 in Unarmed Combat
   418 | D        | Reached XP level 9. HP: 94/112 MP: 8/8
   422 | D        | Killed a two-headed ogre
   587 | D        | Reached skill level 13 in Unarmed Combat
   597 | D        | Noticed a wandering mushroom
   602 | D        | Noticed a wandering mushroom
   604 | D        | Noticed a wandering mushroom
   608 | D        | Reached ****** piety under Trog
   621 | D        | Killed a wandering mushroom
   638 | D        | Noticed a cane toad
   638 | D        | Noticed a komodo dragon
   638 | D        | Noticed a cane toad
   641 | D        | Killed a cane toad
   643 | D        | Killed a cane toad
   644 | D        | Reached XP level 10. HP: 126/126 MP: 9/9
   647 | D        | Received a gift from Trog
   648 | D        | Reached skill level 14 in Unarmed Combat
   825 | D        | Noticed Rupert
   829 | D        | Killed Rupert
   830 | D        | Reached skill level 15 in Unarmed Combat
   835 | D        | Noticed an azure jelly
   835 | D        | Noticed an azure jelly
   835 | D        | Noticed an azure jelly
   835 | D        | Noticed an azure jelly
   836 | D        | Noticed an elephant
   836 | D        | Noticed an elephant
   836 | D        | Noticed a dire elephant
   836 | D        | Noticed a dire elephant
   836 | D        | Noticed Gastronok
   839 | D        | Killed a dire elephant
   843 | D        | Killed a dire elephant
   844 | D        | Reached XP level 11. HP: 140/140 MP: 10/10
   844 | D        | Received a gift from Trog
   848 | D        | Reached skill level 16 in Unarmed Combat
   858 | D        | Killed Gastronok
   874 | D        | Killed an azure jelly
   877 | D        | Killed an azure jelly
   879 | D        | Killed an azure jelly
   880 | D        | Reached skill level 17 in Unarmed Combat
   882 | D        | Killed an azure jelly
   883 | D        | Reached skill level 15 in Fighting
   889 | D        | Noticed a death yak
   889 | D        | Noticed a death yak
   890 | D        | Noticed a death yak
   891 | D        | Noticed a death yak
   895 | D        | Killed a death yak
   896 | D        | Reached skill level 15 in Dodging
   897 | D        | Killed a death yak
   900 | D        | Killed a death yak
   902 | D        | Received a gift from Trog
   903 | D        | Reached XP level 12. HP: 104/157 MP: 11/11
   903 | D        | Killed a death yak
   904 | D        | Reached skill level 18 in Unarmed Combat
  1038 | D        | Noticed an azure jelly
  1038 | D        | Noticed an acid blob
  1042 | D        | Paralysed by a floating eye for 3 turns
  1053 | D        | Killed an acid blob
  1268 | D        | Killed an azure jelly
  1318 | D        | Found a viscous altar of Jiyva.
  1318 | D        | Noticed the Royal Jelly
  1346 | D        | Noticed an anaconda
  1357 | D        | Killed an anaconda
  1358 | D        | Received a gift from Trog
  1361 | D        | Reached skill level 19 in Unarmed Combat
  1486 | D        | Noticed an anaconda
  1486 | D        | Noticed an anaconda
  1491 | D        | Killed an anaconda
  1498 | D        | Killed an anaconda
  1505 | D        | Received a gift from Trog
  1630 | D        | Noticed an anaconda
  1636 | D        | Killed an anaconda
  1644 | D        | Received a gift from Trog
  1687 | D        | Noticed a naga warrior
  1688 | D        | Noticed a nagaraja
  1705 | D        | Found Wysir's Magic Scroll Boutique.
  1705 | D        | Found Issou's Antique Weapon Emporium.
  1707 | D        | Found Saelumeen's Book Shop.
  1713 | D        | Killed a naga warrior
  1716 | D        | Killed a nagaraja
  1864 | D        | Reached skill level 20 in Unarmed Combat
  1864 | D        | Reached XP level 13. HP: 142/171 MP: 12/12
  1884 | D        | Got a serpentine rune of Zot
  1975 | D        | Received a gift from Trog
  2068 | D        | Noticed Urug
  2075 | D        | Killed Urug
  2075 | D        | Received a gift from Trog
  2197 | D        | Noticed Polyphemus
  2207 | D        | Killed Polyphemus
  2311 | D        | Received a gift from Trog
  2312 | D        | Reached skill level 1 in Throwing
  2314 | D        | Noticed Ilsuiw
  2319 | D        | Found Ciahoq's Magic Scroll Emporium.
  2324 | D        | Killed Ilsuiw
  2381 | D        | Found Vysori's Book Shop.
  2382 | D        | Found Decvylal's Antique Weapon Shoppe.
  2383 | D        | Noticed a merfolk javelineer
  2407 | D        | Killed a merfolk javelineer
  2596 | D        | Got a barnacled rune of Zot
  2686 | D        | Noticed Donald
  2686 | D        | Noticed Frances
  2697 | D        | Killed Donald
  2698 | D        | Reached skill level 21 in Unarmed Combat
  2700 | D        | Killed Frances
  2700 | D        | Identified the +4 lajatang "Pan Napn" {flame, rElec rN+
                  | Stlth+} (Trog gifted it to you in the Dungeon)
  2700 | D        | Received a gift from Trog
  2880 | D        | Received a gift from Trog
  2881 | D        | Reached skill level 5 in Throwing
  2911 | D        | Found Hiefazit's Antique Armour Shoppe.
  2917 | D        | Received a gift from Trog
  3061 | D        | Bought a shiny troll leather armour for 324 gold pieces
  3061 | D        | Bought a runed tower shield for 135 gold pieces
  3061 | D        | Bought a smoking cloak for 171 gold pieces
  3061 | D        | Identified the -1 cloak of Imperfection {Str+6} (You bought
                  | it in a shop in the Dungeon)
  3115 | D        | Identified the +0 giant club of Summertime {heavy, Str+3}
                  | (Trog gifted it to you in the Dungeon)
  3115 | D        | Received a gift from Trog
  3135 | D        | Received a gift from Trog
  3140 | D        | Reached skill level 1 in Shields
  3145 | D        | Reached skill level 1 in Armour
  3146 | D        | Received a gift from Trog
  3158 | D        | Received a gift from Trog
  3174 | D        | Received a gift from Trog
  3331 | D        | Found Tilitz's Antique Weapon Emporium.
  3331 | D        | Found Geny's Magic Scroll Shop.
  3331 | D        | Found Zarepso's Book Boutique.
  3331 | D        | Found Jaeppoa's Weapon Shoppe.
  3331 | D        | Found Xuhihey's Distillery.
  3331 | D        | Found Papacw's Antique Armour Emporium.
  3331 | D        | Found Cueficya's General Store.
  3331 | D        | Found Aloceck's Antique Weapon Shop.
  3331 | D        | Found Kuisch's Jewellery Shop.
  3331 | D        | Found Onwysash's Antique Armour Emporium.
  3331 | D        | Found Suilin's Weapon Boutique.
  3352 | D        | Bought a scroll of revelation for 75 gold pieces
  3358 | D        | Bought a +6 ring of strength for 432 gold pieces
  3395 | D        | Bought a +4 ring of slaying for 936 gold pieces
  3415 | D        | Received a gift from Trog
  3480 | D        | Reached XP level 14. HP: 187/187 MP: 13/13
  3483 | D        | Received a gift from Trog
  3509 | D        | Paralysed by a floating eye for 4 turns
  3575 | D        | Received a gift from Trog
  3650 | D        | Reached skill level 5 in Shields
  3650 | D        | Reached skill level 22 in Unarmed Combat
  3666 | D        | Reached skill level 5 in Armour
  3689 | D        | Noticed a lich
  3702 | D        | Killed a lich
  3766 | D        | Received a gift from Trog
  3854 | D        | Noticed Chuck
  3863 | D        | Killed Chuck
  3919 | D        | Noticed Frederick
  3934 | D        | Killed Frederick
  3975 | D        | Received a gift from Trog
  4006 | D        | Noticed a lich
  4010 | D        | Killed a lich
  4024 | D        | Noticed a shadow dragon
  4024 | D        | Noticed a shadow dragon
  4042 | D        | Killed a shadow dragon
  4042 | D        | Received a gift from Trog
  4050 | D        | Killed a shadow dragon
  4489 | D        | Noticed Azrael
  4489 | D        | Found a blossoming altar of Fedhas.
  4498 | D        | Reached skill level 10 in Throwing
  4625 | D        | Received a gift from Trog
  4629 | D        | Received a gift from Trog
  4918 | D        | Noticed an acid blob
  4918 | D        | Noticed an acid blob
  4929 | D        | Killed an acid blob
  4931 | D        | Paralysed by a floating eye for 2 turns
  4935 | D        | Killed an acid blob
  4937 | D        | Gained mutation: You sometimes lose your temper in combat.
                  | [a shining eye]
  5001 | D        | Noticed a rockslime
  5001 | D        | Noticed an azure jelly
  5001 | D        | Noticed a rockslime
  5002 | D        | Noticed an azure jelly
  5002 | D        | Noticed an azure jelly
  5003 | D        | Noticed an azure jelly
  5003 | D        | Noticed a rockslime
  5003 | D        | Noticed a rockslime
  5003 | D        | Noticed a rockslime
  5004 | D        | Noticed a quicksilver ooze
  5004 | D        | Noticed an acid blob
  5004 | D        | Noticed a quicksilver ooze
  5004 | D        | Noticed an acid blob
  5004 | D        | Noticed an azure jelly
  5005 | D        | Killed a rockslime
  5007 | D        | Killed a rockslime
  5009 | D        | Killed a quicksilver ooze
  5010 | D        | Killed a quicksilver ooze
  5012 | D        | Killed a rockslime
  5016 | D        | Killed an acid blob
  5016 | D        | Killed a rockslime
  5018 | D        | Killed an azure jelly
  5023 | D        | Killed a rockslime
  5026 | D        | Killed an azure jelly
  5031 | D        | Killed an acid blob
  5032 | D        | Killed an azure jelly
  5035 | D        | Killed an azure jelly
  5036 | D        | Killed an azure jelly
  5037 | D        | Noticed a rockslime
  5037 | D        | Noticed a rockslime
  5037 | D        | Noticed a quicksilver ooze
  5037 | D        | Noticed a rockslime
  5037 | D        | Noticed an azure jelly
  5037 | D        | Mangled by the Royal Jelly

Illustrated notes

Levels and vault maps discovered:
D:        dungeon_sprint_mu [sprint_mu_entry_cave, sprint_mu_temple_rooms,
          sprint_mu_d1_spiders, sprint_mu_d2_genie, sprint_mu_d3_branching,
          sprint_mu_orc_legion, sprint_mu_elf_gauntlet, sprint_mu_hive_nellie,
          sprint_mu_lair_fedhas, sprint_mu_vaults_butterflies,
          sprint_mu_slime_circle, sprint_mu_shoals_archi,
          sprint_mu_snake_twists, sprint_mu_blade_basic,
          sprint_mu_crypt_fortress, sprint_mu_tomb_spiral,
          sprint_mu_vestibule_basic, sprint_mu_gehenna_hellfire,
          sprint_mu_dis_giant, sprint_mu_tartarus_statrot,
          sprint_mu_cocytus_islands, sprint_mu_zot1]

Skill      XL: |  1  2  3  4  5  6  7  8  9 10 11 12 13 14 |
---------------+-------------------------------------------+-----
Fighting       | 3 4 5 8 9 10 11 13 15 17 18 20 | 20.0
Dodging        | 3 4 5 8 9 10 11 13 15 17 18 19 | 19.8
Unarmed Combat | 4 5 6 9 10 12 13 15 17 20 21 22 | 22.9
Throwing       | 7 10 | 10.6
Shields        | 3 8 |  8.6
Armour         | 3 8 |  8.1

Action                     |  1- 3 |  4- 6 |  7- 9 | 10-12 | 13-15 || total
---------------------------+-------+-------+-------+-------+-------++-------
  Melee: Unarmed           |     9 |    20 |    78 |   112 |   388 ||   607
         Punch             |       |     1 |     6 |    12 |    24 ||    43
  Throw: Large rock        |       |       |       |       |     6 ||     6
 Invoke: Berserk           |       |       |     1 |     3 |     4 ||     8
         Brothers in Arms  |       |       |       |     8 |     9 ||    17
    Use: Potion            |       |     2 |       |     1 |     4 ||     7
         Scroll            |       |       |       |     1 |     4 ||     5
   Stab: Confused          |       |       |       |     1 |       ||     1
         Sleeping          |       |       |       |       |     3 ||     3
 Armour: Animal skin       |     3 |    10 |    33 |    76 |    79 ||   201
         Troll leather arm |       |       |       |       |   115 ||   115
  Dodge: Dodged            |     2 |     4 |    28 |    77 |   174 ||   285
  Block: Tower shield      |       |       |       |       |   144 ||   144
         Reflection        |       |       |       |       |     3 ||     3

Table legend: (Time is in decaauts)
 A = Elapsed time spent in this place.
 B = Non-inter-level travel time spent in this place.
 C = Inter-level travel time spent in this place.
 D = Time resting spent in this place.
 E = Time spent auto-exploring this place.
 F = Levels seen in this place.
 G = Mean time per level.
                   A        B        C        D        E       F      G
               +--------+--------+--------+--------+--------+-----+--------+
         Total |   5020 |   4676 |    344 |   1945 |   1475 |   1 | 5020.0 |
       Dungeon |   5020 |   4676 |    344 |   1945 |   1475 |   1 | 5020.0 |
               +--------+--------+--------+--------+--------+-----+--------+

Top non-repeatable levels by time:
       D: 5020 daAuts
